 Dungeon Crawl Stone Soup version 0.21.1-1-g345015f (webtiles) character file.

41 inc the Sneak (level 3, -2/21 HPs)
             Began as an Octopode Enchanter on Apr 23, 2018.
             Slain by a kobold
             ... wielding a +0 whip
              (8 damage)
             ... on level 2 of the Dungeon.
             The game lasted 00:01:22 (1193 turns).

inc the Sneak (Octopode Enchanter)                  Turns: 1193, Time: 00:01:23

Health: -2/21      AC:  1    Str:  7    XL:     3   Next: 52%
Magic:  6/6        EV: 13    Int: 18    God:
Gold:   44         SH:  0    Dex: 12    Spells: 0/6 levels left

rFire    . . .     SeeInvis .   a - +1 dagger
rCold    . . .     Gourm    .   (no shield)
rNeg     . . .     Faith    .   (helmet restricted)
rPois    +         Spirit   .   (no amulet)
rElec    .         Reflect  .   l - ring of poison resistance
rCorr    .         Harm     .   (no ring)
MR       .....                  (no ring)
Stlth    +++.......             (no ring)
HPRegen  0.07/turn              (no ring)
MPRegen  0.10/turn              (no ring)
                                (no ring)
                                (no ring)

@: no status effects
A: almost no armour, stealthy swim, amphibious, 8 rings, constrict 8, camouflage
1, gelatinous body 1
a: no special abilities


You were on level 2 of the Dungeon.
You were not hungry.

You visited 1 branch of the dungeon, and saw 2 of its levels.

You collected 44 gold pieces.

Inventory:

Hand Weapons
 a - a +1 dagger (weapon)
Jewellery
 l - a ring of poison resistance (left tentacle)
Scrolls
 f - 2 scrolls of identify {unknown}
 h - a scroll of immolation {unknown}
 i - 2 scrolls of blinking {unknown}
 j - a scroll of teleportation {unknown}
 k - a scroll of remove curse {unknown}
Potions
 d - a potion of invisibility {unknown}
 e - a potion of haste {unknown}
 g - a potion of might {unknown}
Books
 b - a book of Maledictions

   Spells                             Type                      Level
   a - Corona                         Hexes                        1
   b - Ensorcelled Hibernation        Hexes/Ice                    2
   c - Confuse                        Hexes                        3
   d - Tukima's Dance                 Hexes                        3
   e - Dazzling Spray                 Conjuration/Hexes            3
Comestibles
 c - 3 rations


   Skills:
 - Level 2.9 Short Blades
 - Level 2.0 Dodging
 - Level 4.0 Stealth
 - Level 2.0 Spellcasting
 - Level 3.0 Hexes
 + Level 1.2 Ice Magic


You couldn't memorise any spells.
You knew the following spells:

 Your Spells              Type           Power        Failure   Level  Hunger
a - Corona                Hex            ##.....      5%          1    #......
b - Ensorcelled Hibernat  Hex/Ice        #.....       12%         2    ###....
c - Confuse               Hex            ##......     16%         3    ###....


Dungeon Overview and Level Annotations

Branches:
Dungeon (2/15)

Altars:


Innate Abilities, Weirdness & Mutations

You cannot wear most types of armour.
You are very stealthy in the water. (Stealth+)
You are amphibious.
You can wear up to eight rings at the same time.
You can use your tentacles to constrict eight enemies at once.
Your skin changes colour to match your surroundings (Stealth+).
Your rubbery body absorbs attacks. (AC +1, EV +1)


Message History

You are too injured to fight recklessly!
You are too injured to fight recklessly!
You are too injured to fight recklessly!
You are too injured to fight recklessly!
You are too injured to fight recklessly!
You are too injured to fight recklessly!
You are too injured to fight recklessly!
You are too injured to fight recklessly!
You are too injured to fight recklessly!
You are too injured to fight recklessly!
You are too injured to fight recklessly!
You are too injured to fight recklessly!
You are too injured to fight recklessly!
You are too injured to fight recklessly!
You are too injured to fight recklessly!
You hit the kobold but do no damage.
You squeeze the kobold, but do no damage.
You constrict the kobold.
The kobold throws a stone.
The stone misses you. The kobold hits you with a whip!
You die...

#. .# #. .#
#.# .#
###'##.###
#........#
#.....K..#
#...K....#
#...@....#
#........#
##........#
#....##+###
#(...#
#....#
#....#
####.#
#####.#


You could see 2 kobolds.

Vanquished Creatures
  A gnoll (D:1)
  3 dart slugs (D:1)
  2 giant cockroaches (D:1)
  5 goblins (D:1)
  A hobgoblin (D:1)
  5 bats
  2 frilled lizards (D:1)
  3 kobolds
  4 rats
26 creatures vanquished.

Notes
Turn   | Place    | Note
-------+----------+-------------------------------------------
     0 | D:1      | inc the Octopode Enchanter began the quest for the Orb.
     0 | D:1      | Reached XP level 1. HP: 11/11 MP: 3/3
    11 | D:1      | Reached XP level 2. HP: 11/17 MP: 5/5
   478 | D:1      | Reached XP level 3. HP: 19/21 MP: 6/6
   507 | D:1      | Learned a level 2 spell: Ensorcelled Hibernation
   511 | D:1      | Learned a level 3 spell: Confuse
   828 | D:1      | Reached skill level 1 in Ice Magic
  1193 | D:2      | Slain by a kobold

Skill      XL: |  1  2  3 |
---------------+----------+-----
Short Blades   | 2 |  2.9
Ice Magic      | 1 |  1.2
Dodging        | |  2.0
Stealth        | |  4.0
Spellcasting   | |  2.0
Hexes          | |  3.0

Action                   || total
-------------------------++-------
Melee: Dagger            ||    67
       Constrict         ||    17
       Tentacles         ||     6
 Stab: Sleeping          ||     9
  Eat: Chunk             ||     1
Armor: Skin              ||    15
Dodge: Dodged            ||    39
